 Dungeon Crawl Stone Soup version 0.28.0-43-g3370ac3207 (webtiles) character file.

Game seed: 941300505243512479

3369 sking99 the Grappler (level 9, -9/87 (93) HPs)
             Began as a Troll Cinder Acolyte on Mar 17, 2022.
             Was a High Priest of Ignis.
             Killed from afar by Erica (13 damage)
             ... with a lance of force
             ... on level 8 of the Dungeon.
             The game lasted 00:06:23 (4954 turns).

sking99 the Grappler (Troll Cinder Acolyte)         Turns: 4954, Time: 00:06:25

HP:   -9/87 (93)    AC: 14    Str: 28    XL:     9   Next: 73%
MP:   9/9           EV:  9    Int: 10    God:    Ignis [*****.]
Gold: 607           SH:  0    Dex:  5    Spells: 10/10 levels left

rFire   + . .      SeeInvis .     - Unarmed
rCold   . . .      Faith    .   (no shield)
rNeg    . . .      Spirit   .   a - +0 robe
rPois   .          Reflect  .   (helmet restricted)
rElec   .          Harm     .   h - +2 cloak
rCorr   .          Rampage  .   (gloves unavailable)
Will    .....                   (boots unavailable)
Stlth   +.........              (no amulet)
HPRegen 1.04/turn               (no ring)
MPRegen 0.11/turn               (no ring)

@: lethally poisoned (-9 -> -10), fiery-armoured, drained
A: large, unfitting armour, claws 3, regeneration 1, shaggy fur 1, tough skin 1
a: Renounce Religion, Fiery Armour, Foxfire Swarm, Rising Flame


You were on level 8 of the Dungeon.
You worshipped Ignis.
Ignis was extremely pleased with you.
You visited 1 branch of the dungeon, and saw 8 of its levels.

You collected 607 gold pieces.

Inventory:

Armour
 a - a +0 robe (worn)
 h - a +2 cloak (worn)
Wands
 p - a wand of flame (29)
Scrolls
 b - a scroll of blinking
 d - a scroll of torment {unknown}
 e - a scroll of immolation
 f - 2 scrolls of holy word
Potions
 c - a potion of cancellation
 i - a potion of attraction
 k - a potion of brilliance
 l - 2 potions of invisibility
 m - 2 potions of flight
 n - 2 potions of lignification {unknown}
 q - a potion of might {unknown}
 s - a potion of heal wounds
 t - a potion of degeneration {unknown}
 u - 2 potions of curing {unknown}


   Skills:
 + Level 7.1 Fighting
 * Level 11.7 Unarmed Combat
 - Level 1.0 Spellcasting
 - Level 2.1 Fire Magic


You had 10 spell levels left.
You didn't know any spells.
Your spell library contained the following spells:

 Spells                   Type           Power      Damage    Failure   Level
 Scorch                   Fire           8%         2d5       22%         2
 Slow                     Hex            0%         N/A       34%         1
 Confusing Touch          Hex            0%         N/A       71%         3
 Vampiric Draining        Necr           0%         2d6       71%         3
 Conjure Ball Lightning   Conj/Air       0%         3x3d6     100%        6
 Discord                  Hex            0%         N/A       100%        8
 Disjunction              Tloc           0%         N/A       100%        8


Dungeon Overview and Level Annotations

Branches:
Dungeon (8/15)             Temple (0/1) D:6
   Lair: D:8-11

Altars:
Gozag
Okawaru
Vehumet

Shops:
D:5 *

Annotations:
D:5 2 runed translucent doors, Athor's ghost, novice VSFi
D:6 2 transporters, kwass's ghost, novice GnAK
D:8 Erica


Innate Abilities, Weirdness & Mutations

You are too large for most types of armour.
You have claws for hands.
Your natural rate of healing is unusually fast.
You are covered in fur. (AC +1)
You have tough skin. (AC +1)


Message History

The wight is burned by your cloak of flames.
The wight is lightly damaged.
The white imp completely misses you. The wight hits you but does no damage.
The wight is burned by your cloak of flames.
The wight is moderately damaged.
You barely miss the wight.
The wight is lightly damaged.
You feel sick.
You hear some strange, mumbled words.
A lance of force appears from out of thin air!
The lance of force misses you. The wight hits you but does no damage.
The white imp hits you but does no damage.
The white imp is burned terribly!
The white imp is burned by your cloak of flames.
You kill the white imp!
You closely miss something.
You feel sick. The wight hits you with a +1 falchion.
You feel drained. The wight hits you but does no damage.
The wight is burned by your cloak of flames.
The wight is lightly damaged.
Something hits you!
* * * LOW HITPOINT WARNING * * *
Something burns you.
* * * LOW HITPOINT WARNING * * *
You scratch something.
You feel sick. The wight hits you with a +1 falchion!
* * * LOW HITPOINT WARNING * * *
You feel drained.
* * * LOW HITPOINT WARNING * * *
The wight is burned by your cloak of flames.
The wight is severely damaged.
You miss something. The wight closely misses you. Something hits you!
* * * LOW HITPOINT WARNING * * *
The wight barely misses you.
You mangle the wight!!
You destroy the wight!
You feel sick.
You hear some strange, mumbled words.
A lance of force appears from out of thin air!
The lance of force hits you!
You die...

......## .......##
#.......... ........#
.......... ........#
.......... ........#
......... ....<...#
......... ........#
######......(#
.......####....{).......
...............)@z......
........###......)......
.........##....##......#
....).....#....# #......
...............##.......
...[...#.#.....#......>.
......##.#...÷..o.......
##..........÷..## .....
#......#..##<##


You could see a wight.

Vanquished Creatures
  2 water moccasins
  3 orc warriors
  A hornet zombie (D:8)
  5 ogres
  A phantom (D:4)
  A centaur (D:8)
  5 bullfrogs
  2 scorpions
  A wyvern zombie (D:5)
  A gnoll sergeant (D:7)
  A water moccasin skeleton (D:5)
  4 wights
  4 howler monkeys
  2 bullfrog zombies
  5 centaur zombies
  5 hounds
  A jelly (D:5)
  An orc priest (D:8)
  A bullfrog skeleton (D:6)
  4 iguanas
  5 orc wizards
  A killer bee zombie (D:7)
  A hound skeleton (D:5)
  Robin (D:4)
  14 gnolls
  A howler monkey skeleton (D:7)
  7 adders
  A shadow imp (D:6)
  3 white imps
  An ufetubus (D:7)
  A worm (D:2)
  15 orcs
  3 bats
  5 endoplasms
  4 giant cockroaches
  10 hobgoblins
  4 jackals (D:1)
  3 quokkas
  2 ball pythons
  2 frilled lizards (D:1)
  14 goblins
  5 kobolds
  2 rats
155 creatures vanquished.

Vanquished Creatures (others)
  4 fungi
  3 plants (D:1)
  6 toadstools (D:5)
13 creatures vanquished.

Grand Total: 168 creatures vanquished

Notes
Turn   | Place    | Note
-------+----------+-------------------------------------------
     0 | D:1      | sking99 the Troll Cinder Acolyte began the quest for the
                  | Orb.
     0 | D:1      | Reached XP level 1. HP: 22/22 MP: 1/1
   345 | D:1      | Found a faded altar of an unknown god.
   348 | D:1      | Reached XP level 2. HP: 29/29 MP: 2/2
   931 | D:2      | Reached XP level 3. HP: 36/36 MP: 3/3
   969 | D:2      | Reached skill level 4 in Unarmed Combat
  1237 | D:3      | Reached XP level 4. HP: 45/45 MP: 4/4
  1284 | D:3      | Noticed a bullfrog
  1297 | D:3      | Killed a bullfrog
  1298 | D:3      | Reached skill level 5 in Unarmed Combat
  1340 | D:3      | Reached XP level 5. HP: 21/53 MP: 5/5
  1837 | D:4      | Noticed an ogre
  1842 | D:4      | Killed an ogre
  1843 | D:4      | Reached XP level 6. HP: 15/62 MP: 6/6
  1845 | D:4      | Reached skill level 6 in Unarmed Combat
  1925 | D:4      | Noticed Robin
  1935 | D:4      | Killed Robin
  2321 | D:4      | Reached XP level 7. HP: 70/70 MP: 7/7
  2435 | D:5      | Entered Level 5 of the Dungeon
  2475 | D:5      | Reached skill level 7 in Unarmed Combat
  2497 | D:5      | Found Tudy's General Store.
  2741 | D:5      | Reached skill level 8 in Unarmed Combat
  2746 | D:5      | Reached skill level 5 in Fighting
  2838 | D:5      | Reached XP level 8. HP: 68/80 MP: 8/8
  3044 | D:5      | Found a large runed translucent door.
  3045 | D:5      | Found a large runed translucent door.
  3051 | D:5      | Noticed Athor's ghost (novice VSFi)
  3443 | D:6      | Found a staircase to the Ecumenical Temple.
  3453 | D:6      | Reached skill level 9 in Unarmed Combat
  3500 | D:6      | Noticed a purple ugly thing
  3510 | D:6      | Noticed kwass's ghost (novice GnAK)
  3617 | D:6      | Found a transporter.
  3618 | D:6      | Found a transporter.
  3654 | D:6      | Found an iron altar of Okawaru.
  4040 | D:7      | Reached skill level 10 in Unarmed Combat
  4063 | D:7      | Reached XP level 9. HP: 39/89 MP: 9/9
  4553 | D:7      | Found a radiant altar of Vehumet.
  4553 | D:7      | Found an opulent altar of Gozag.
  4671 | D:8      | Reached skill level 11 in Unarmed Combat
  4938 | D:8      | Noticed Erica
  4953 | D:8      | HP: 4/87 [something (7)]
  4954 | D:8      | Killed from afar by Erica

Illustrated notes

Levels and vault maps discovered:
D:1:      co_arrival_square_in_a_square_in_a_square, layout_loops_corners,
          shapermc_ecumenical_altar_mp_urbaneastern
D:2:      layout_rooms
D:3:      layout_loops_ring
D:4:      layout_gridville, kennysheep_small_square, uniq_robin
D:5:      layout_gridville, serial_shops, nicolae_shop_window_shopping,
          ebering_ghost_disaster_area, minmay_splitting_lines,
          minmay_gold_behind_fungi
D:6:      layout_loops_ring, okawaru_ov_weapons_minmay,
          minmay_temple_entry_offerings, gammafunk_ghost_abyssal_escape,
          moated_statue
D:7:      layout_rooms, jmf_multi_god_temple
D:8:      layout_rooms, enter_bailey_2, kennysheep_generic_room_6, uniq_erica

Skill      XL: |  1  2  3  4  5  6  7  8  9 |
---------------+----------------------------+-----
Unarmed Combat | 4 5 6 8 10 11 | 11.7
Fighting       | 3 4 5 6 7 |  7.1
Spellcasting   | |  1.0
Fire Magic     | |  2.1

Action                   |  1- 3 |  4- 6 |  7- 9 || total
-------------------------+-------+-------+-------++-------
Melee: Unarmed           |    91 |    90 |   262 ||   443
       Punch             |       |     2 |    15 ||    17
Invok: Fiery Armour      |       |     1 |     2 ||     3
  Use: Scroll            |       |       |    14 ||    14
Armor: Robe              |    38 |    32 |   100 ||   170
Dodge: Dodged            |    44 |    31 |   122 ||   197
